 Dungeon Crawl Stone Soup version 0.27.1-34-g3ba077fa99 (webtiles) character file.

Game seed: 3849711827970083488

991 growler the Digger (level 8, -2/52 HPs)
             Began as a Formicid Earth Elementalist on Jan 14, 2022.
             Slain by a water moccasin skeleton (7 damage)
             ... on level 5 of the Dungeon.
             The game lasted 00:16:51 (5995 turns).

growler the Digger (Formicid Earth Elementalist)    Turns: 5995, Time: 00:16:51

Health: -2/52      AC:  2    Str: 12    XL:     8   Next: 41%
Magic:  8/15       EV: 12    Int: 18    God:
Gold:   180        SH:  0    Dex: 11    Spells: 11/17 levels left

rFire    . . .     SeeInvis +   (no weapon)
rCold    . . .     Faith    .   (no shield)
rNeg     . . .     Spirit   .   b - +0 robe
rPois    .         Reflect  .   (helmet unavailable)
rElec    .         Harm     .   (no cloak)
rCorr    .         Rampage  .   (no gloves)
Will     .....                  (no boots)
Stlth    ++........             (no amulet)
HPRegen  0.17/turn              n - ring of wizardry
MPRegen  0.14/turn              (no ring)

@: lethally poisoned (-2 -> -11)
A: permanent stasis, dig shafts and tunnels, antennae 3, four strong arms
a: Dig, Shaft Self


You were on level 5 of the Dungeon.
You visited 1 branch of the dungeon, and saw 5 of its levels.

You collected 180 gold pieces.

Inventory:

Missiles
 c - 15 stones
Armour
 b - a +0 robe (worn)
Jewellery
 n - a ring of wizardry (left hand)
   (You found it on level 3 of the Dungeon)
 q - an amulet of guardian spirit
   (You took it off a centaur on level 5 of the Dungeon)
Wands
 d - a wand of iceblast (14)
   (You found it on level 2 of the Dungeon)
 t - a wand of flame (12)
   (You took it off a centaur on level 5 of the Dungeon)
Scrolls
 e - 3 scrolls of identify {unknown}
 g - a scroll of acquirement {unknown}
 i - a scroll of blinking {unknown}
 j - a scroll of fear {unknown}
 k - a scroll of vulnerability {unknown}
 p - a scroll of magic mapping {unknown}
 r - a scroll of teleportation {unknown}
 s - 2 scrolls of fog {unknown}
Potions
 a - a potion of heal wounds {unknown}
 f - a potion of ambrosia {unknown}
 h - a potion of curing {@q1}
 l - a potion of degeneration {unknown}
 m - a potion of flight {unknown}
 o - a potion of lignification {unknown}


   Skills:
 - Level 1.7 Dodging
 - Level 2.4 Stealth
 - Level 5.0 Spellcasting
 - Level 6.0 Transmutations
 + Level 7.9 Earth Magic


You had 11 spell levels left.
You knew the following spells:

 Your Spells              Type           Power      Damage    Failure   Level
a - Sandblast             Erth           66%        2d15      1%          1
q - Passwall              Tmut/Erth      24%        N/A       1%          2
x - Stone Arrow           Conj/Erth      36%        3d9       3%          3

Your spell library contained the following spells:

 Spells                   Type           Power      Damage    Failure   Level
 Beastly Appendage        Tmut           52%        N/A       1%          1
 Wereblood                Tmut           26%        N/A       1%          2
 Petrify                  Tmut/Erth      29%        N/A       3%          4
 Spider Form              Tmut/Pois      7%         N/A       4%          3
 Corona                   Hex            4%         N/A       5%          1
 Corpse Rot               Necr/Air       N/A        N/A       9%          2
 Ensorcelled Hibernation  Hex/Ice        8%         N/A       9%          2
 Poisonous Vapours        Pois/Air       8%         N/A       9%          2
 Tukima's Dance           Hex            4%         N/A       16%         3
 Borgnjor's Vile Clutch   Necr/Erth      9%         N/A       28%         5
 Animate Dead             Necr           2%         N/A       45%         4
 Freezing Cloud           Conj/Ice/Air   2%         6-21      78%         5
 Death Channel            Necr           2%         N/A       100%        6


Dungeon Overview and Level Annotations

Branches:
Dungeon (5/15)
 Temple: D:4-7

Altars:

Shops:
D:4 *

Annotations:
D:2 1 runed translucent door, Crazy Yiuf


Innate Abilities, Weirdness & Mutations

You cannot be hasted, slowed, berserked, paralysed or teleported.
You can dig through walls and to a lower floor.
You have a pair of large antennae on your head. (SInv)
Your four strong arms can wield two-handed weapons with a shield.


Message History

The water moccasin bites you! The water moccasin bites you.
The water moccasin bites you. The water moccasin bites you.
You are poisoned.
The water moccasin poisons you!
You feel very sick.
You feel very sick.
You feel very sick. The water moccasin bites you.
You feel sick.
You feel sick. The water moccasin closely misses you.
You feel sick.
You feel sick. The water moccasin bites you!
* * * LOW HITPOINT WARNING * * *
Aim: a water moccasin (48% to hit)
The stone arrow misses the water moccasin.
You feel sick. The water moccasin bites you.
* * * LOW HITPOINT WARNING * * *
Aim: a water moccasin (70% to hit)
The blast of sand hits the water moccasin!
You feel sick. The water moccasin misses you.
The water moccasin skeleton barely misses you.
Aim: a water moccasin (moderately wounded, 70% to hit)
The blast of sand hits the water moccasin!
You feel sick.
You are no longer poisoned.
The water moccasin closely misses you.
The water moccasin skeleton barely misses you.
The water moccasin bites you!
* * * LOW HITPOINT WARNING * * *
You are lethally poisoned!
The water moccasin poisons you!
Unknown command.
Are you sure you want to shaft yourself?
There is a lethal amount of poison in your body!
There is a lethal amount of poison in your body!
Unknown command.
It was a potion of curing.
You feel better.
The water moccasin skeleton barely misses you.
The water moccasin bites you.
* * * LOW HITPOINT WARNING * * *
You are lethally poisoned!
The water moccasin poisons you!
Okay, then.
Are you sure you want to shaft yourself?
* * * LOW HITPOINT WARNING * * *
You feel very sick. The water moccasin skeleton bites you!
You die...

...## ##..# ##......# ....##
#..# ##...#...# .....#####.##
##......... .......##..##
#.{........ ........<...###
#{......... ...............#
##.......... ..............##
#.........#.
..............####
##.).....###.
................@####........#
#.
######..........ZSO.l.......##
#. ##........................#
#.
##............###..........#
#. ###....#.......##
#...........##.
#....#.##.....##
#....###.......
...#...###....# #..### #...#
.......# ##...# ...# #.#
..####...##...# #...#


You could see a water moccasin, an ogre, an iguana and a water moccasin
skeleton.

Vanquished Creatures
  Purgy (D:3)
  A necrophage (D:5)
  An ogre (D:4)
  A centaur (D:5)
  2 phantoms
  A water moccasin zombie (D:5)
  A scorpion (D:4)
  A killer bee (D:4)
  A wight (D:4)
  2 centaur zombies
  An orc priest (D:5)
  Jessica (D:3)
  An iguana (D:4)
  6 adders
  2 ufetubi (D:4)
  An adder skeleton (D:4)
  A worm (D:2)
  2 dart slugs
  7 orcs
  5 ball pythons
  9 endoplasms
  5 giant cockroaches
  9 goblins
  9 hobgoblins
  4 kobolds
  4 quokkas
  3 bats
  5 frilled lizards
  5 rats
92 creatures vanquished.

Notes
Turn   | Place    | Note
-------+----------+-------------------------------------------
     0 | D:1      | growler the Formicid Earth Elementalist began the quest for
                  | the Orb.
     0 | D:1      | Reached XP level 1. HP: 13/13 MP: 3/3
    95 | D:1      | Reached XP level 2. HP: 15/19 MP: 3/5
   169 | D:1      | You fall into a shaft and drop 1 floor!
   178 | D:2      | Reached skill level 4 in Earth Magic
   186 | D:2      | Reached XP level 3. HP: 20/24 MP: 0/7
   631 | D:1      | Found a faded altar of an unknown god.
  1195 | D:1      | Reached XP level 4. HP: 30/30 MP: 6/8
  2387 | D:2      | Found a runed translucent door.
  2388 | D:2      | Noticed Crazy Yiuf
  3342 | D:3      | Learned a level 2 spell: Passwall
  3346 | D:3      | Learned a level 3 spell: Stone Arrow
  3508 | D:3      | Noticed Purgy
  3532 | D:3      | Killed Purgy
  3533 | D:3      | Reached skill level 5 in Earth Magic
  3533 | D:3      | Reached XP level 5. HP: 30/35 MP: 2/10
  3669 | D:3      | Noticed Jessica
  3672 | D:3      | Killed Jessica
  3673 | D:3      | Reached XP level 6. HP: 41/41 MP: 9/11
  4226 | D:4      | Found Duapseke's Neck Hole.
  4364 | D:4      | Noticed an ogre
  4369 | D:4      | Killed an ogre
  4370 | D:4      | Reached skill level 6 in Earth Magic
  4370 | D:4      | Reached XP level 7. HP: 46/46 MP: 3/13
  5262 | D:4      | Reached skill level 5 in Spellcasting
  5480 | D:5      | Entered Level 5 of the Dungeon
  5495 | D:5      | Reached skill level 5 in Transmutations
  5495 | D:5      | Reached XP level 8. HP: 42/52 MP: 9/15
  5498 | D:5      | Reached skill level 7 in Earth Magic
  5601 | D:5      | Noticed a troll
  5968 | D:5      | Noticed a two-headed ogre
  5995 | D:5      | Slain by a water moccasin skeleton

Illustrated notes

Levels and vault maps discovered:
D:1:      ncdulo_lavacross, layout_loops_ring, shapermc_ecumenical_altar_venn
D:2:      layout_loops_ring, uniq_crazy_yiuf_cottage
D:3:      layout_basic, minmay_misc_feat_doors, uniq_purgy, uniq_jessica
D:4:      cheibrodos_barr_body, layout_rooms, nicolae_shop_sticking_my_neck_out
D:5:      cheibrodos_fzero, layout_layer_cave, minmay_temple_entry_wispy,
          serial_shops, shop

Skill      XL: |  1  2  3  4  5  6  7  8 |
---------------+-------------------------+-----
Earth Magic    | 4 5 6 7 |  7.9
Transmutations | 2 3 4 5 6 |  6.0
Spellcasting   | 3 4 5 |  5.0
Dodging        | |  1.7
Stealth        | |  2.4

Action                   |  1- 3 |  4- 6 |  7- 9 || total
-------------------------+-------+-------+-------++-------
Melee: Unarmed           |    92 |   122 |     2 ||   216
 Cast: Sandblast         |    22 |    67 |    10 ||    99
       Stone Arrow       |       |     8 |    36 ||    44
 Abil: Shaft Self        |       |       |     1 ||     1
  Use: Potion            |       |       |     1 ||     1
 Stab: Sleeping          |     1 |       |       ||     1
Armor: Robe              |    20 |    15 |     2 ||    37
Dodge: Dodged            |    65 |    95 |    16 ||   176
